SAL
ROME BRAVES @ COLUMBIA FIREFLIES
07/11/2098
 
TOP OF THE 1ST
Rome Braves batting - Pitching for Columbia Fireflies : RHP Mike Hudson
Pitching: RHP Mike Hudson
Batting: RHB Rick Gray 0-0: Ball
1-0: Called Strike
1-1: Ball
2-1: Called Strike
2-2: Ball
3-2: Foul Ball, location: 9LDF
3-2: SINGLE (Groundball, 5, EV 110.0 MPH) (infield hit)
Batting: RHB Daniel Roach 0-0: Fly out, F8 (Flyball, 8RXD, EV 93.8 MPH)
Batting: LHB Chris Gill 0-0: Foul Ball, location: 2F
0-1: Foul Ball, location: 7LSF
0-2: Ball
1-2: Foul Ball, location: 3F
1-2: Foul Ball, location: 7LSF
1-2: Ball
2-2: Ball
Wild Pitch!
Rick Gray to second
3-2: Strikes out swinging
Batting: RHB Jess Bow 0-0: Ball
1-0: Foul Ball, location: 2F
1-1: Fly out, F8 (Line Drive, 8LM, EV 104.4 MPH)
Top of the 1st over - 0 runs, 1 hit, 0 errors, 1 left on base; Rome 0 - Columbia 0
BOTTOM OF THE 1ST
Columbia Fireflies batting - Pitching for Rome Braves : RHP Bill Massey
Pitching: RHP Bill Massey
Batting: RHB Andrew Covey 0-0: Ball
1-0: Called Strike
1-1: Called Strike
1-2: Ball
2-2: Ball
3-2: Fly out, F1 (Line Drive, P, EV 65.6 MPH)
Batting: LHB Nate Joyner 0-0: Called Strike
0-1: Ground out U3 (Groundball, 3, EV 89.4 MPH)
Batting: LHB Victor Vargas 0-0: Ball
1-0: Ground out 4-3 (Groundball, 34D, EV 103.1 MPH)
Bottom of the 1st over - 0 runs, 0 hits, 0 errors, 0 left on base; Rome 0 - Columbia 0
TOP OF THE 2ND
Rome Braves batting - Pitching for Columbia Fireflies : RHP Mike Hudson
Batting: LHB Mauricio Medina 0-0: Foul Ball, location: 3F
0-1: Ball
1-1: Swinging Strike
1-2: Foul Ball, location: 7LDF
1-2: Strikes out swinging
Batting: RHB Brian Brown 0-0: Called Strike
0-1: Called Strike
0-2: Strikes out swinging
Batting: RHB Cory Cassady 0-0: Ball
1-0: Called Strike
1-1: Swinging Strike
1-2: Strikes out swinging
Top of the 2nd over - 0 runs, 0 hits, 0 errors, 0 left on base; Rome 0 - Columbia 0
BOTTOM OF THE 2ND
Columbia Fireflies batting - Pitching for Rome Braves : RHP Bill Massey
Batting: RHB Alex Wray 0-0: Ball
1-0: Called Strike
1-1: Ball
2-1: Swinging Strike
2-2: Fly out, F9 (Line Drive, 9S, EV 98.1 MPH)
Batting: RHB Joel Lawrence 0-0: Ground out 6-3 (Groundball, 6M, EV 99.4 MPH)
Batting: LHB Jon Chavez 0-0: Called Strike
0-1: Ball
1-1: Fly out, F8 (Flyball, 89D, EV 106.3 MPH)
Bottom of the 2nd over - 0 runs, 0 hits, 0 errors, 0 left on base; Rome 0 - Columbia 0
TOP OF THE 3RD
Rome Braves batting - Pitching for Columbia Fireflies : RHP Mike Hudson
Batting: SHB Pablo Castillo 0-0: Ball
1-0: Called Strike
1-1: Swinging Strike
1-2: Ball
2-2: Foul Ball, location: 7LSFF
2-2: SINGLE (Line Drive, 7LS, EV 90.0 MPH)
Batting: RHB Chad McBride 0-0: Ball
1-0: Bunt missed!
1-1: Sac Bunt to 15S - play at first, batter OUT! 1-3
Pablo Castillo to second
Batting: RHB Rick Gray 0-0: Swinging Strike
0-1: Foul Ball, location: 2F
0-2: Ball
1-2: Ball
2-2: Strikes out swinging
Batting: RHB Daniel Roach 0-0: Ball
1-0: Ball
Wild Pitch!
Pablo Castillo to third
2-0: Ground out 3-1 (Groundball, 34S, EV 90.0 MPH)
Top of the 3rd over - 0 runs, 1 hit, 0 errors, 1 left on base; Rome 0 - Columbia 0
BOTTOM OF THE 3RD
Columbia Fireflies batting - Pitching for Rome Braves : RHP Bill Massey
Batting: RHB Manny Contreras 0-0: Ball
1-0: Fly out, F7 (Flyball, 78M, EV 83.8 MPH)
Batting: RHB Chris Wilske 0-0: Ball
1-0: SOLO HOME RUN (Flyball, 7D, EV 95.6 MPH), Distance : 366 ft
Batting: RHB Travis Goth 0-0: Ball
1-0: Ball
2-0: Foul Ball, location: 23F
2-1: Fly out, F4 (Popup, 3S, EV 77.5 MPH)
Batting: RHB Andrew Covey 0-0: Ball
1-0: Ball
2-0: Called Strike
2-1: Ground out 5-3 (Groundball, 56S, EV 70.6 MPH)
Bottom of the 3rd over - 1 run, 1 hit, 0 errors, 0 left on base; Rome 0 - Columbia 1
TOP OF THE 4TH
Rome Braves batting - Pitching for Columbia Fireflies : RHP Mike Hudson
Batting: LHB Chris Gill 0-0: Ball
1-0: Fly out, F9 (Line Drive, 89M, EV 94.4 MPH)
Batting: RHB Jess Bow 0-0: Ball
1-0: Foul Ball, location: 9LSF
1-1: Fly out, F7 (Line Drive, 78M, EV 94.4 MPH)
Batting: LHB Mauricio Medina 0-0: Called Strike
0-1: Ball
1-1: Ball
2-1: Foul Ball, location: 2F
2-2: Foul Ball, location: 7LDF
2-2: Fly out, F8 (Flyball, 8RD, EV 93.8 MPH)
Top of the 4th over - 0 runs, 0 hits, 0 errors, 0 left on base; Rome 0 - Columbia 1
BOTTOM OF THE 4TH
Columbia Fireflies batting - Pitching for Rome Braves : RHP Bill Massey
Batting: LHB Nate Joyner 0-0: Called Strike
0-1: SINGLE (Groundball, 3S, EV 75.0 MPH) (infield hit)
Batting: LHB Victor Vargas 0-0: Called Strike
0-1: Ball
1-1: Ball
2-1: Ball
3-1: Foul Ball, location: 2F
3-2: 2-RUN HOME RUN (Line Drive, 9D, EV 98.1 MPH), Distance : 363 ft
Batting: RHB Alex Wray 0-0: Ball
1-0: Ball
2-0: Swinging Strike
2-1: Foul Ball, location: 2RF
2-2: Foul Ball, location: 3SF
2-2: Strikes out looking
Batting: RHB Joel Lawrence 0-0: Called Strike
0-1: Fly out, F9 (Flyball, 9S, EV 86.3 MPH)
Batting: LHB Jon Chavez 0-0: Called Strike
0-1: Ball
1-1: Ball
2-1: Ball
3-1: Foul Ball, location: 3DF
3-2: Fly out, F7 (Flyball, 8LS, EV 85.0 MPH)
Bottom of the 4th over - 2 runs, 2 hits, 0 errors, 0 left on base; Rome 0 - Columbia 3
TOP OF THE 5TH
Rome Braves batting - Pitching for Columbia Fireflies : RHP Mike Hudson
Batting: RHB Brian Brown 0-0: Ball
1-0: Ground out 6-3 (Groundball, 6MD, EV 98.8 MPH)
Batting: RHB Cory Cassady 0-0: Called Strike
0-1: Swinging Strike
0-2: Ball
1-2: Ball
2-2: Strikes out looking
Batting: SHB Pablo Castillo 0-0: Ball
1-0: Ball
2-0: Called Strike
2-1: Called Strike
2-2: Ground out 4-3 (Groundball, 4, EV 79.4 MPH)
Top of the 5th over - 0 runs, 0 hits, 0 errors, 0 left on base; Rome 0 - Columbia 3
BOTTOM OF THE 5TH
Columbia Fireflies batting - Pitching for Rome Braves : RHP Bill Massey
Batting: RHB Manny Contreras 0-0: Ball
1-0: Foul Ball, location: 9LSF
1-1: Called Strike
1-2: Ball
2-2: Ball
3-2: Ground out 5-3 (Groundball, 5S, EV 71.9 MPH)
Batting: RHB Chris Wilske 0-0: Foul Ball, location: 2F
0-1: Ball
1-1: Swinging Strike
1-2: Ground out 6-3 (Groundball, 6, EV 86.3 MPH)
Batting: RHB Travis Goth 0-0: Called Strike
0-1: Called Strike
0-2: Ball
1-2: Fly out, F8 (Flyball, 89M, EV 85.6 MPH)
Bottom of the 5th over - 0 runs, 0 hits, 0 errors, 0 left on base; Rome 0 - Columbia 3
TOP OF THE 6TH
Rome Braves batting - Pitching for Columbia Fireflies : RHP Mike Hudson
Batting: RHB Chad McBride 0-0: Called Strike
0-1: Ball
1-1: Ball
2-1: Ball
3-1: Called Strike
3-2: Strikes out swinging
Batting: RHB Rick Gray 0-0: Called Strike
0-1: Foul Ball, location: 2F
0-2: Strikes out looking
Batting: RHB Daniel Roach 0-0: Called Strike
0-1: Called Strike
0-2: Ball
1-2: Foul Ball, location: 9LSF
1-2: Strikes out swinging
Top of the 6th over - 0 runs, 0 hits, 0 errors, 0 left on base; Rome 0 - Columbia 3
BOTTOM OF THE 6TH
Columbia Fireflies batting - Pitching for Rome Braves : RHP Bill Massey
Batting: RHB Andrew Covey 0-0: Called Strike
0-1: Foul Ball, location: 2F
0-2: Foul Ball, location: 2F
0-2: Ball
1-2: Ground out 3-1 (Groundball, 34, EV 89.4 MPH)
Batting: LHB Nate Joyner 0-0: Called Strike
0-1: Foul Ball, location: 5FF
0-2: Ball
1-2: Ball
2-2: Foul Ball, location: 9LMF
2-2: DOUBLE (Flyball, 7LD, EV 96.3 MPH)
Batting: LHB Victor Vargas 0-0: Fly out, F7 (Flyball, 78M, EV 93.8 MPH)
Batting: RHB Alex Wray 0-0: Called Strike
0-1: Ball
1-1: Fly out, F8 (Flyball, 8RXD, EV 94.4 MPH)
Bottom of the 6th over - 0 runs, 1 hit, 0 errors, 1 left on base; Rome 0 - Columbia 3
TOP OF THE 7TH
Rome Braves batting - Pitching for Columbia Fireflies : RHP Mike Hudson
Batting: LHB Chris Gill 0-0: Fly out, F9 (Flyball, 89S, EV 85.6 MPH)
Batting: RHB Jess Bow 0-0: Ball
1-0: SINGLE (Line Drive, 5D, EV 103.1 MPH)
Batting: LHB Mauricio Medina 0-0: Ball
1-0: Ball
2-0: Foul Ball, location: 23F
2-1: SINGLE (Groundball, 34, EV 100.0 MPH)
Jess Bow to second
Runner from 2nd tries for 3rd, SAFE, no throw by RF
Pinch Hitting: SHB Joe DiSandro 0-0: Ball
1-0: Ball
2-0: Ball
3-0: Called Strike
3-1: Base on Balls
Mauricio Medina to second
Pitching: RHP Josh Goodloe
Batting: RHB Cory Cassady 0-0: Swinging Strike
0-1: Swinging Strike
0-2: Ball
1-2: Strikes out swinging
Batting: SHB Pablo Castillo 0-0: SINGLE (Line Drive, 9S, EV 100.6 MPH)
Jess Bow scores
Mauricio Medina to third
Joe DiSandro to second
Runner from 3rd tries for Home, SAFE, throw by RF to home
Pinch Hitting: LHB Nestor Quintanilla 0-0: Called Strike
0-1: Foul Ball, location: 25F
0-2: Ball
1-2: Strikes out swinging
Top of the 7th over - 2 runs, 3 hits, 0 errors, 2 left on base; Rome 2 - Columbia 3
BOTTOM OF THE 7TH
Columbia Fireflies batting - Pitching for Rome Braves : RHP Bill Massey
Now at 1B: Nestor Quintanilla
Now at 3B: Robby Rios
Batting: RHB Joel Lawrence 0-0: Called Strike
0-1: Swinging Strike
0-2: SINGLE (Line Drive, 4MD, EV 101.9 MPH)
Batting: LHB Jon Chavez 0-0: SINGLE (Groundball, 34D, EV 95.0 MPH)
Joel Lawrence to second
Runner from 2nd tries for 3rd, SAFE, throw by RF made to third
Batting: RHB Manny Contreras 0-0: Ball
1-0: Ball
2-0: Called Strike
2-1: Ball
3-1: Foul Ball, location: 2F
3-2: Foul Ball, location: 9LSF
3-2: Fly out, F9 (Line Drive, 9S, EV 102.5 MPH)
Pitching: RHP William Hatcher
Batting: RHB Chris Wilske 0-0: Called Strike
0-1: Swinging Strike
0-2: Strikes out swinging
Batting: RHB Travis Goth 0-0: Called Strike
0-1: Ball
1-1: Swinging Strike
1-2: Ball
2-2: Strikes out swinging
Bottom of the 7th over - 0 runs, 2 hits, 0 errors, 2 left on base; Rome 2 - Columbia 3
TOP OF THE 8TH
Rome Braves batting - Pitching for Columbia Fireflies : RHP Josh Goodloe
Pitching: RHP Matt Long
Batting: RHB Rick Gray 0-0: Called Strike
0-1: Foul Ball, location: 2RF
0-2: Strikes out swinging
Pinch Hitting: LHB Mitch McDonald 0-0: Ball
1-0: Ball
2-0: Called Strike
2-1: Fly out, F6 (Popup, 4M, EV 63.1 MPH)
Batting: LHB Chris Gill 0-0: Ball
1-0: Swinging Strike
1-1: Swinging Strike
1-2: Strikes out swinging
Top of the 8th over - 0 runs, 0 hits, 0 errors, 0 left on base; Rome 2 - Columbia 3
BOTTOM OF THE 8TH
Columbia Fireflies batting - Pitching for Rome Braves : RHP William Hatcher
Now in CF: Eric Fox
Batting: RHB Andrew Covey 0-0: Foul Ball, location: 3SF
0-1: Swinging Strike
0-2: Strikes out looking
Batting: LHB Nate Joyner 0-0: Ball
1-0: Called Strike
1-1: Ground out 6-3 (Groundball, 6, EV 100.0 MPH)
Batting: LHB Victor Vargas 0-0: Ball
1-0: Called Strike
1-1: Ball
2-1: Ball
3-1: Foul Ball, location: 3FF
3-2: Foul Ball, location: 23FF
3-2: Foul Ball, location: 2F
3-2: Base on Balls
Batting: RHB Alex Wray 0-0: Called Strike
0-1: Ball
1-1: Ground out 4-3 (Groundball, 4, EV 84.4 MPH)
Bottom of the 8th over - 0 runs, 0 hits, 0 errors, 1 left on base; Rome 2 - Columbia 3
TOP OF THE 9TH
Rome Braves batting - Pitching for Columbia Fireflies : RHP Matt Long
Batting: RHB Jess Bow 0-0: Swinging Strike
0-1: Foul Ball, location: 2F
0-2: Strikes out swinging
Batting: LHB Mauricio Medina 0-0: Swinging Strike
0-1: Swinging Strike
0-2: Ball
1-2: Ball
2-2: Strikes out swinging
Pinch Hitting: SHB Kyle Montgomery 0-0: Ball
1-0: Foul Ball, location: 5SF
1-1: Called Strike
1-2: Foul Ball, location: 3F
1-2: Strikes out swinging
Top of the 9th over - 0 runs, 0 hits, 0 errors, 0 left on base; Rome 2 - Columbia 3
Tuesday, April 9th , 2024 - OOTP Baseball 24.11 Build 85